 Dungeon Sprint DCSS version 0.31-a0-18-gea43df2a32 (webtiles) character file.

Game seed: 14055057904590263759

1683 sircluck the Grappler (level 8, -1/92 HPs)
             Began as a Troll Berserker on May 11, 2023.
             Was a High Priest of Trog.
             Slain by a two-headed ogre
             ... wielding a +0 giant spiked club
              (11 damage)
             ... in the Dungeon (Sprint III: "The Ten Rune Challenge").
             The game lasted 00:01:47 (367 turns).

sircluck the Grappler (Troll Berserker)              Turns: 367, Time: 00:01:47

Health: -1/92      AC:  5    Str: 28    XL:     8   Next: 71%
Magic:  7/7        EV: 12    Int:  3    God:    Trog [*****.]
Gold:   45         SH:  0    Dex:  9    Spells: 7/7 levels left

rFire   . .          .
                       - Unarmed
rCold   . . .        (no shield)
rNeg    . . .        a - +0 animal skin
rPois   .            (helmet restricted)
rElec   .            h - +0 cloak
rCorr   .            (gloves unavailable)
SInv    .            (boots unavailable)
Will    .....        (no amulet)
Stlth   +            (no ring)
HPRegen 1.15/turn    (no ring)
MPRegen 0.10/turn

%: no teleportation
@: no status effects
A: large, unfitting armour, claws 3, regeneration 1, shaggy fur 1, tough skin 1
a: Renounce Religion, Berserk, Trog's Hand, Brothers in Arms


You were in the Dungeon.
You worshipped Trog.
Trog was extremely pleased with you.
You visited 1 branch You collected 45 gold pieces.

Inventory:

Armour
 a - a +0 animal skin (worn)
 h - a +0 cloak (worn)
Wands
 m - a wand of mindburst (4)
Scrolls
 g - a scroll of blinking
 i - a scroll of torment {unknown}
 j - 2 scrolls of identify {unknown}
 l - a scroll of poison {unknown}
Potions
 b - 3 potions of curing
 c - a potion of heal wounds
 d - a potion of haste
 e - 2 potions of magic
 f - a potion of berserk rage
 k - 2 potions of flight {unknown}
Miscellaneous
 n - a phantom mirror


   Skills:
 + Level 9.1 Fighting
 + Level 8.9 Dodging
 + Level 0.4 Stealth
 + Level 13.5 Unarmed Combat


You had 7 spell levels left.
You didn't know any spells.
Your spell library was empty.

Dungeon Overview and Level Annotations

Branches:
Dungeon (1/1)

Altars:
Cheibriados
Dithmenos
Elyvilon
Fedhas
Gozag
Hepliaklqana
Kikubaaqudgha
Makhleb
Nemelex Xobeh
Okawaru
Qazlal
Ru
Sif Muna
Trog
Uskayaw
Vehumet
Wu Jian
Xom
Yredelemnul
Zin
The Shining One
Jiyva
Lugonu

Annotations:
D Erolcha


Innate Abilities, Weirdness & Mutations

You are too large for most types of armour.
You have claws for hands.
Your natural rate of healing is unusually fast.
You are covered in fur. (AC +1)
You have tough skin. (AC +1)


Message History

You barely miss the two-headed ogre. You claw the two-headed ogre!
The two-headed ogre is lightly wounded.
You claw the two-headed ogre!
The two-headed ogre is heavily wounded.
The two-headed ogre barely misses you. The two-headed ogre closely misses you.
You claw the two-headed ogre! You claw the two-headed ogre!!
You kill the two-headed ogre!
Trog accepts your kill.
Your Fighting skill increases to level 9!
Things that are here:
a +0 giant club; a +0 giant spiked club Erolcha the Cunning comes into view.
She is wielding a +0 giant club.
Erolcha shouts!
A two-headed ogre comes into view.
It is wielding a +0 giant spiked club and a +0 giant club.
The two-headed ogre shouts in stereo!
Erolcha mumbles some strange words.
Erolcha blinks!
You closely miss Erolcha. You claw Erolcha!!
Erolcha is moderately wounded.
Erolcha hits you with a +0 giant club! The two-headed ogre barely misses you.
The two-headed ogre hits you with a +0 giant club!!
Erolcha gestures wildly while chanting.
Erolcha flickers and vanishes!
Deactivating autopickup; reactivate with Ctrl-A.
You feel much better.
You claw something! Your claw misses something.
You hear some strange, mumbled words.
You mangle the two-headed ogre!!
The two-headed ogre is moderately wounded.
The two-headed ogre barely misses you.
The two-headed ogre hits you with a +0 giant club!
You mangle the two-headed ogre!!
The two-headed ogre is almost dead.
Something hits you!
You barely miss the two-headed ogre.
The two-headed ogre is almost dead.
The two-headed ogre hits you with a +0 giant spiked club!!
* * * LOW HITPOINT WARNING * * *
The two-headed ogre hits you with a +0 giant club!
You die...

##### _#__# .#._#
##)## ....# ....#
###'#
#...#+##############
#...#....#.#.#..@O.#
#...##.#))#.##)###.#
#...'##)#.#.##.#.§##
'...#...#..#..##..
▓▓▓▓▓▓▓▓▓▓▓▓▓▓▓▓▓▓


You could see a two-headed ogre.

Vanquished Creatures
  A deep elf pyromancer (D)
  A shadow (D)
  A spatial vortex (D)
  4 two-headed ogres (D)
  A necrophage (D)
  A water elemental (D)
  A jelly (D)
  Crazy Yiuf (D)
  A wizard (D)
  A necromancer (D)
  3 humans (D)
  A kobold demonologist (D)
  An endoplasm (D)
  3 rats (D)
21 creatures vanquished.

Notes
Turn   | Place    | Note
-------+----------+-------------------------------------------
     0 | D        | sircluck the Troll Berserker began the quest for the Orb.
     0 | D        | Reached XP level 1. HP: 22/22 MP: 0/0
    14 | D        | Reached ** piety under Trog
    52 | D        | Reached skill level 4 in Unarmed Combat
    52 | D        | Reached XP level 2. HP: 28/31 MP: 1/1
    55 | D        | Noticed Crazy Yiuf
    60 | D        | Killed Crazy Yiuf
    61 | D        | Reached skill level 5 in Unarmed Combat
    61 | D        | Reached XP level 3. HP: 20/39 MP: 2/2
   113 | D        | Noticed a water elemental
   117 | D        | Killed a water elemental
   117 | D        | Reached *** piety under Trog
   118 | D        | Reached skill level 6 in Unarmed Combat
   118 | D        | Reached XP level 4. HP: 49/49 MP: 3/3
   142 | D        | Found a glowing silver altar of Zin.
   142 | D        | Found a glowing golden altar of the Shining One.
   142 | D        | Found a white marble altar of Elyvilon.
   150 | D        | Found a basalt altar of Yredelemnul.
   150 | D        | Found a shadowy altar of Dithmenos.
   150 | D        | Found a sacrificial altar of Ru.
   150 | D        | Noticed a necrophage
   157 | D        | Killed a necrophage
   158 | D        | Reached skill level 5 in Fighting
   158 | D        | Reached skill level 5 in Dodging
   158 | D        | Reached skill level 7 in Unarmed Combat
   158 | D        | Reached XP level 5. HP: 51/57 MP: 4/4
   176 | D        | Found a radiant altar of Vehumet.
   176 | D        | Found a shimmering blue altar of Sif Muna.
   176 | D        | Found an ancient bone altar of Kikubaaqudgha.
   177 | D        | Reached **** piety under Trog
   178 | D        | Reached skill level 8 in Unarmed Combat
   199 | D        | Found a hide-covered altar of Uskayaw.
   199 | D        | Found an iron altar of Okawaru.
   199 | D        | Found a bloodstained altar of Trog.
   199 | D        | Found an ornate altar of the Wu Jian Council.
   199 | D        | Noticed a human
   200 | D        | Noticed a human
   205 | D        | Killed a human
   206 | D        | Reached skill level 9 in Unarmed Combat
   206 | D        | Reached XP level 6. HP: 58/68 MP: 5/5
   211 | D        | Killed a human
   211 | D        | Reached ***** piety under Trog
   212 | D        | Reached skill level 10 in Unarmed Combat
   230 | D        | Noticed a deep elf pyromancer
   243 | D        | Noticed a fire elemental
   245 | D        | Killed a deep elf pyromancer
   246 | D        | Reached skill level 11 in Unarmed Combat
   246 | D        | Reached XP level 7. HP: 40/80 MP: 6/6
   270 | D        | Noticed a shadow
   274 | D        | Killed a shadow
   275 | D        | Reached skill level 12 in Unarmed Combat
   275 | D        | Reached XP level 8. HP: 69/89 MP: 7/7
   284 | D        | Found a blossoming altar of Fedhas.
   284 | D        | Found a stormy altar of Qazlal.
   284 | D        | Found a snail-covered altar of Cheibriados.
   284 | D        | Found a burning altar of Makhleb.
   284 | D        | Found a shimmering altar of Xom.
   285 | D        | Found a hazy altar of Hepliaklqana.
   285 | D        | Found an opulent altar of Gozag.
   285 | D        | Found a sparkling altar of Nemelex Xobeh.
   285 | D        | Found a corrupted altar of Lugonu.
   285 | D        | Found a viscous altar of Jiyva.
   310 | D        | Received a gift from Trog
   321 | D        | Reached skill level 13 in Unarmed Combat
   348 | D        | Noticed a two-headed ogre
   352 | D        | Killed a two-headed ogre
   358 | D        | Noticed Erolcha
   358 | D        | Noticed a two-headed ogre
   367 | D        | Slain by a two-headed ogre

Illustrated notes

Levels and vault maps discovered:
D:        dungeon_sprint_mu [sprint_mu_entry_forest, sprint_mu_temple_rooms,
          sprint_mu_d1_spiders, sprint_mu_d2_genie, sprint_mu_d3_branching,
          sprint_mu_orc_legion, sprint_mu_elf_gauntlet, sprint_mu_hive_nellie,
          sprint_mu_lair_fedhas, sprint_mu_vaults_butterflies,
          sprint_mu_slime_circle, sprint_mu_swamp_cave, sprint_mu_snake_twists,
          sprint_mu_blade_basic, sprint_mu_crypt_chambers,
          sprint_mu_tomb_spiral, sprint_mu_vestibule_basic,
          sprint_mu_gehenna_hellfire, sprint_mu_dis_giant,
          sprint_mu_tartarus_statrot, sprint_mu_cocytus_islands, sprint_mu_zot1]

Skill      XL: |  1  2  3  4  5  6  7  8 |
---------------+-------------------------+-----
Fighting       | 3 4 5 6 8 9 |  9.1
Dodging        | 3 4 5 6 8 |  8.9
Unarmed Combat | 4 5 6 7 9 11 12 13 | 13.5
Stealth        | |  0.4

Action                     |  1- 3 |  4- 6 |  7- 9 || total
---------------------------+-------+-------+-------++-------
  Melee: Unarmed           |    25 |    35 |    30 ||    90
         Punch             |       |       |     5 ||     5
 Invoke: Berserk           |     1 |       |       ||     1
    Use: Potion            |       |       |     1 ||     1
 Armour: Animal skin       |     2 |     4 |     3 ||     9
  Dodge: Dodged            |    10 |    13 |    13 ||    36

Table legend: (Time is in decaauts)
 A = Elapsed time spent in this place.
 B = Non-inter-level travel time spent in this place.
 C = Inter-level travel time spent in this place.
 D = Time resting spent in this place.
 E = Time spent auto-exploring this place.
 F = Levels seen in this place.
 G = Mean time per level.
                   A        B        C        D        E       F      G
               +--------+--------+--------+--------+--------+-----+--------+
         Total |    358 |    358 |      0 |     36 |    105 |   1 |  358.0 |
       Dungeon |    358 |    358 |      0 |     36 |    105 |   1 |  358.0 |
               +--------+--------+--------+--------+--------+-----+--------+

Top non-repeatable levels by time:
       D: 358 daAuts
